TOP OF THE 1ST |
Richland Rails batting - Pitching for Phoenix Hotspur Youth : RHP Howard Allen
|
Pitching: RHP Howard Allen
|
|
Batting: RHB Júlio Hernández
|
0-0: Called Strike 0-1: Bunt for hit - play at first, batter safe!
|
Batting: RHB Gustavo Berrios
|
0-0: Ball Júlio Hernández is caught stealing 2nd base 1-0: Ball 2-0: Called Strike 2-1: Foul Ball, location: 2F 2-2: Ball 3-2: Foul Ball, location: 2F 3-2: Strikes out swinging
|
Batting: RHB Tony Justice
|
0-0: Foul Ball, location: 2F 0-1: Foul Ball, location: 2F 0-2: Ball 1-2: Strikes out swinging
|
Top of the 1st over - 0 run(s), 1 hit(s), 0 error(s), 0 left on base; Richland 0 - Phoenix Hotspur 0 |
BOTTOM OF THE 1ST |
Phoenix Hotspur Youth batting - Pitching for Richland Rails : RHP Brian Morris
|
Pitching: RHP Brian Morris
|
|
Batting: LHB Arthur Ryan
|
0-0: Called Strike 0-1: Foul Ball, location: 2F 0-2: TRIPLE (Line Drive, 7LS)
|
Batting: RHB António Padilla
|
0-0: Ball 1-0: Foul Ball, location: 2F 1-1: Swinging Strike 1-2: Ball 2-2: Ball 3-2: Base on Balls
|
Batting: RHB Dan Perkins
|
0-0: Ball 1-0: Ball 2-0: Called Strike 2-1: Called Strike 2-2: Ball 3-2: Fly out, F9 (Flyball, 89M) Runner from 3rd tags up, SCORES, no throw
|
Batting: RHB Jesús Mejía
|
0-0: Fly out, F9 (Line Drive, 9M)
|
Batting: SHB Pedro Gómez
|
0-0: Ball 1-0: Foul Ball, location: 2F 1-1: Ball 2-1: Foul Ball, location: 2F 2-2: Strikes out looking
|
Bottom of the 1st over - 1 run(s), 1 hit(s), 0 error(s), 1 left on base; Richland 0 - Phoenix Hotspur 1 |
TOP OF THE 2ND |
Richland Rails batting - Pitching for Phoenix Hotspur Youth : RHP Howard Allen
|
Batting: LHB Roberto Madrid
|
0-0: Ball 1-0: Swinging Strike 1-1: Foul Ball, location: 2F 1-2: Ball 2-2: Ball 3-2: Strikes out looking
|
Batting: SHB Felipe Cisneros
|
0-0: Ground out 1-3 (Groundball, 13)
|
Batting: SHB Jasper Otto
|
0-0: Fly out, F9 (Flyball, 89M)
|
Top of the 2nd over - 0 run(s), 0 hit(s), 0 error(s), 0 left on base; Richland 0 - Phoenix Hotspur 1 |
BOTTOM OF THE 2ND |
Phoenix Hotspur Youth batting - Pitching for Richland Rails : RHP Brian Morris
|
Batting: RHB Al Thomas
|
0-0: Called Strike 0-1: Foul Ball, location: 2F 0-2: Foul Ball, location: 2F 0-2: Ball 1-2: Foul Ball, location: 2F 1-2: Foul Ball, location: 2F 1-2: Ground out 6-3 (Groundball, 6)
|
Batting: RHB David Rivas
|
0-0: Ball 1-0: Foul Ball, location: 2F 1-1: SINGLE (Line Drive, 34)
|
Batting: RHB Satoshi Terada
|
0-0: Ball 1-0: Fly out, F8 (Flyball, 8LXD)
|
Batting: RHB Jesús Álvarez
|
0-0: Swinging Strike 0-1: Ball 1-1: Ball 2-1: Called Strike 2-2: Foul Ball, location: 2F 2-2: Ball David Rivas steals 2nd base 3-2: Base on Balls
|
Batting: LHB Arthur Ryan
|
0-0: Ball 1-0: Called Strike 1-1: Foul Ball, location: 2F 1-2: Strikes out swinging
|
Bottom of the 2nd over - 0 run(s), 1 hit(s), 0 error(s), 2 left on base; Richland 0 - Phoenix Hotspur 1 |
TOP OF THE 3RD |
Richland Rails batting - Pitching for Phoenix Hotspur Youth : RHP Howard Allen
|
Batting: RHB Jack Davis
|
0-0: Ball 1-0: SINGLE (Groundball, 6MD)
|
Batting: RHB Trent Burch
|
0-0: Foul Ball, location: 2F 0-1: Called Strike 0-2: Foul Ball, location: 2F 0-2: Foul Ball, location: 2F 0-2: Ball 1-2: Ball 2-2: Grounds out, U3 (Groundball, 3F)
|
Batting: RHB Ramón Cruz
|
0-0: Called Strike 0-1: Foul Ball, location: 2F 0-2: Ground out 4-3 (Groundball, 4) Jack Davis to third
|
Batting: RHB Júlio Hernández
|
0-0: Swinging Strike 0-1: Swinging Strike 0-2: Ball 1-2: Strikes out swinging
|
Top of the 3rd over - 0 run(s), 1 hit(s), 0 error(s), 1 left on base; Richland 0 - Phoenix Hotspur 1 |
BOTTOM OF THE 3RD |
Phoenix Hotspur Youth batting - Pitching for Richland Rails : RHP Brian Morris
|
Batting: RHB António Padilla
|
0-0: Ball 1-0: SOLO HOME RUN (Flyball, 9D), Distance : 362 ft
|
Batting: RHB Dan Perkins
|
0-0: Ball 1-0: Ground out 5-3 (Groundball, 56S)
|
Batting: RHB Jesús Mejía
|
0-0: Ball 1-0: Ground out 3-1 (Groundball, 34)
|
Batting: SHB Pedro Gómez
|
0-0: Fly out, F2 (Popup, 2LF)
|
Bottom of the 3rd over - 1 run(s), 1 hit(s), 0 error(s), 0 left on base; Richland 0 - Phoenix Hotspur 2 |
TOP OF THE 4TH |
Richland Rails batting - Pitching for Phoenix Hotspur Youth : RHP Howard Allen
|
Batting: RHB Gustavo Berrios
|
0-0: Ground out 4-3 (Groundball, 34)
|
Batting: RHB Tony Justice
|
0-0: Called Strike 0-1: Called Strike 0-2: Ball 1-2: Ball 2-2: Strikes out swinging
|
Batting: LHB Roberto Madrid
|
0-0: Ball 1-0: Ground out 4-3 (Groundball, 34)
|
Top of the 4th over - 0 run(s), 0 hit(s), 0 error(s), 0 left on base; Richland 0 - Phoenix Hotspur 2 |
BOTTOM OF THE 4TH |
Phoenix Hotspur Youth batting - Pitching for Richland Rails : RHP Brian Morris
|
Batting: RHB Al Thomas
|
0-0: Foul Ball, location: 2F 0-1: Fly out, F9 (Flyball, 89D)
|
Batting: RHB David Rivas
|
0-0: Called Strike 0-1: Ground out 3-1 (Groundball, 34)
|
Batting: RHB Satoshi Terada
|
0-0: Foul Ball, location: 2F 0-1: Ground out 6-3 (Groundball, 6)
|
Bottom of the 4th over - 0 run(s), 0 hit(s), 0 error(s), 0 left on base; Richland 0 - Phoenix Hotspur 2 |
TOP OF THE 5TH |
Richland Rails batting - Pitching for Phoenix Hotspur Youth : RHP Howard Allen
|
Batting: SHB Felipe Cisneros
|
0-0: Fly out, F6 (Flyball, 5D)
|
Batting: SHB Jasper Otto
|
0-0: Called Strike 0-1: Ground out U3 (Groundball, 3L)
|
Batting: RHB Jack Davis
|
0-0: Foul Ball, location: 2F 0-1: Ball 1-1: Ball 2-1: Ground out 5-3 (Groundball, 5)
|
Top of the 5th over - 0 run(s), 0 hit(s), 0 error(s), 0 left on base; Richland 0 - Phoenix Hotspur 2 |
BOTTOM OF THE 5TH |
Phoenix Hotspur Youth batting - Pitching for Richland Rails : RHP Brian Morris
|
Batting: RHB Jesús Álvarez
|
0-0: Ball 1-0: SOLO HOME RUN (Flyball, 7LD), Distance : 354 ft
|
Batting: LHB Arthur Ryan
|
0-0: Ball 1-0: Fly out, F5 (Popup, 5SF)
|
Batting: RHB António Padilla
|
0-0: Called Strike 0-1: Fly out, F9 (Flyball, 89M)
|
Batting: RHB Dan Perkins
|
0-0: Ball 1-0: Foul Ball, location: 2F 1-1: Ground out 6-3 (Groundball, 6)
|
Bottom of the 5th over - 1 run(s), 1 hit(s), 0 error(s), 0 left on base; Richland 0 - Phoenix Hotspur 3 |
TOP OF THE 6TH |
Richland Rails batting - Pitching for Phoenix Hotspur Youth : RHP Howard Allen
|
Batting: RHB Trent Burch
|
0-0: Ball 1-0: Ball 2-0: Foul Ball, location: 2F 2-1: Ball 3-1: Ground out 6-3 (Groundball, 6M)
|
Batting: RHB Ramón Cruz
|
0-0: Called Strike 0-1: Ball 1-1: Ball 2-1: Ball 3-1: Base on Balls
|
Batting: RHB Júlio Hernández
|
0-0: Ball 1-0: Fly out, F3 (Popup, 13)
|
Batting: RHB Gustavo Berrios
|
0-0: Ball 1-0: Called Strike 1-1: Ball 2-1: 2-RUN HOME RUN (Flyball, 7LD), Distance : 353 ft
|
Batting: RHB Tony Justice
|
0-0: Called Strike 0-1: Ball 1-1: Ball 2-1: Foul Ball, location: 2F 2-2: Ball 3-2: Fly out, F8 (Flyball, 8LXD)
|
Top of the 6th over - 2 run(s), 1 hit(s), 0 error(s), 0 left on base; Richland 2 - Phoenix Hotspur 3 |
BOTTOM OF THE 6TH |
Phoenix Hotspur Youth batting - Pitching for Richland Rails : RHP Brian Morris
|
Batting: RHB Jesús Mejía
|
0-0: Ball 1-0: Foul Ball, location: 2F 1-1: Foul Ball, location: 2F 1-2: Strikes out swinging
|
Batting: SHB Pedro Gómez
|
0-0: Ball 1-0: Called Strike 1-1: Ball 2-1: Ball 3-1: Called Strike 3-2: Fly out, F8 (Flyball, 8RS)
|
Batting: RHB Al Thomas
|
0-0: Called Strike 0-1: Foul Ball, location: 2F 0-2: Ball 1-2: Ball 2-2: Foul Ball, location: 2F 2-2: Foul Ball, location: 2F 2-2: Ball 3-2: Foul Ball, location: 2F 3-2: SINGLE (Groundball, 6MD)
|
Pitching: RHP John Corbin
|
|
Batting: RHB David Rivas
|
0-0: Called Strike 0-1: Foul Ball, location: 2F 0-2: Ball 1-2: Strikes out swinging
|
Bottom of the 6th over - 0 run(s), 1 hit(s), 0 error(s), 1 left on base; Richland 2 - Phoenix Hotspur 3 |
TOP OF THE 7TH |
Richland Rails batting - Pitching for Phoenix Hotspur Youth : RHP Howard Allen
|
Batting: LHB Roberto Madrid
|
0-0: Foul Ball, location: 2F 0-1: Ball 1-1: Ball 2-1: Swinging Strike 2-2: Foul Ball, location: 2F 2-2: Strikes out looking
|
Batting: SHB Felipe Cisneros
|
0-0: Ball 1-0: Called Strike 1-1: Ground out U3 (Groundball, 3)
|
Batting: SHB Jasper Otto
|
0-0: Called Strike 0-1: Ball 1-1: Foul Ball, location: 2F 1-2: Foul Ball, location: 2F 1-2: Ball 2-2: Fly out, F7 (Flyball, 7LM)
|
Top of the 7th over - 0 run(s), 0 hit(s), 0 error(s), 0 left on base; Richland 2 - Phoenix Hotspur 3 |
BOTTOM OF THE 7TH |
Phoenix Hotspur Youth batting - Pitching for Richland Rails : RHP John Corbin
|
Batting: RHB Satoshi Terada
|
0-0: Ball 1-0: Ball 2-0: Foul Ball, location: 2F 2-1: Ball 3-1: Foul Ball, location: 2F 3-2: Fly out, F7 (Flyball, 78M)
|
Batting: RHB Jesús Álvarez
|
0-0: Called Strike 0-1: Ball 1-1: SINGLE (Groundball, 3D)
|
Batting: LHB Arthur Ryan
|
0-0: Called Strike 0-1: Ball 1-1: Called Strike 1-2: Ball 2-2: Fly out, F9 (Flyball, 89M)
|
Batting: RHB António Padilla
|
0-0: Ball 1-0: Ground out 1-3 (Groundball, 23)
|
Bottom of the 7th over - 0 run(s), 1 hit(s), 0 error(s), 1 left on base; Richland 2 - Phoenix Hotspur 3 |
TOP OF THE 8TH |
Richland Rails batting - Pitching for Phoenix Hotspur Youth : RHP Howard Allen
|
Batting: RHB Jack Davis
|
0-0: Called Strike 0-1: Foul Ball, location: 2F 0-2: Ball 1-2: Fly out, F8 (Flyball, 8LM)
|
Batting: RHB Trent Burch
|
0-0: Called Strike 0-1: Ground out 6-3 (Groundball, 6)
|
Batting: RHB Ramón Cruz
|
0-0: Called Strike 0-1: Ball 1-1: Ground out 5-3 (Groundball, 15S)
|
Top of the 8th over - 0 run(s), 0 hit(s), 0 error(s), 0 left on base; Richland 2 - Phoenix Hotspur 3 |
BOTTOM OF THE 8TH |
Phoenix Hotspur Youth batting - Pitching for Richland Rails : RHP John Corbin
|
Batting: RHB Dan Perkins
|
0-0: Ball 1-0: Foul Ball, location: 2F 1-1: Swinging Strike 1-2: Foul Ball, location: 2F 1-2: Ground out 4-3 (Groundball, 4)
|
Batting: RHB Jesús Mejía
|
0-0: Foul Ball, location: 2F 0-1: Ball 1-1: Ball 2-1: Foul Ball, location: 2F 2-2: Strikes out looking
|
Batting: SHB Pedro Gómez
|
0-0: Fly out, F7 (Flyball, 78D)
|
Bottom of the 8th over - 0 run(s), 0 hit(s), 0 error(s), 0 left on base; Richland 2 - Phoenix Hotspur 3 |
TOP OF THE 9TH |
Richland Rails batting - Pitching for Phoenix Hotspur Youth : RHP Howard Allen
|
Pitching: LHP Raúl Gonzáles
|
|
Batting: RHB Júlio Hernández
|
0-0: Called Strike 0-1: Ball 1-1: Ball 2-1: Foul Ball, location: 2F 2-2: Ball 3-2: Strikes out swinging
|
Batting: RHB Gustavo Berrios
|
0-0: Ball 1-0: Fly out, F9 (Line Drive, 89M)
|
Batting: RHB Tony Justice
|
0-0: Ball 1-0: Ball 2-0: Ball 3-0: Base on Balls
|
Pinch Hitting: RHB Jim Unknown
|
0-0: Ball 1-0: Foul Ball, location: 2F 1-1: Ball 2-1: Ground out 5-3 (Groundball, 5S)
|
Top of the 9th over - 0 run(s), 0 hit(s), 0 error(s), 1 left on base; Richland 2 - Phoenix Hotspur 3 |
|